 Seeded DCSS version 0.28.0 (webtiles) character file.

Game seed: 10379525442082979767 (custom seed)

463 hikkokomori the Firebug (level 7, -1/55 HPs)
             Began as a Formicid Cinder Acolyte on Feb 16, 2022.
             Was a High Priest of Ignis.
             Slain by Edmund (5 damage)
             ... on level 4 of the Dungeon.
             The game lasted 00:08:29 (4947 turns).

hikkokomori the Firebug (Formicid Cinder Acolyte)   Turns: 4947, Time: 00:08:29

Health: -1/55      AC:  9    Str: 18    XL:     7   Next: 29%
Magic:  0/13       EV: 11    Int: 16    God:    Ignis [*****.]
Gold:   118        SH:  0    Dex:  6    Spells: 12/14 levels left

rFire   + . .      SeeInvis +   p - +1 spear (vamp)
rCold   . . .      Faith    .   (no shield)
rNeg    . . .      Spirit   .   b - +0 robe
rPois   .          Reflect  .   (helmet unavailable)
rElec   .          Harm     .   (no cloak)
rCorr   .          Rampage  .   (no gloves)
Will    .....                   (no boots)
Stlth   +.........              (no amulet)
HPRegen 0.18/turn               (no ring)
MPRegen 0.13/turn               (no ring)

@: lethally poisoned (-1 -> -7), fiery-armoured
A: permanent stasis, dig shafts and tunnels, antennae 3, four strong arms
a: Dig, Shaft Self, Renounce Religion, Fiery Armour, Foxfire Swarm, Rising Flame


You were on level 4 of the Dungeon.
You worshipped Ignis.
Ignis was extremely pleased with you.
You visited 1 branch of the dungeon, and saw 4 of its levels.

You collected 118 gold pieces.

Inventory:

Hand Weapons
 a - a -1 spear of flaming
 p - a +1 vampiric spear (weapon)
Missiles
 f - 21 bolts
Armour
 b - a +0 robe (worn)
 i - a +0 chain mail
Scrolls
 d - a scroll of immolation {unknown}
 e - 2 scrolls of teleportation {unknown}
 g - 2 scrolls of identify {unknown}
 h - a scroll of brand weapon {unknown}
 j - a scroll of magic mapping {unknown}
 k - a scroll of blinking {unknown}
 m - a scroll of torment {unknown}
 n - a scroll of enchant weapon {unknown}
 o - a scroll of fog {unknown}
 q - a scroll of fear {unknown}
Potions
 l - a potion of brilliance {unknown}


   Skills:
 + Level 4.8 Fighting
 - Level 3.0 Polearms
 + Level 4.4 Spellcasting
 + Level 5.4 Fire Magic


You had 12 spell levels left.
You knew the following spells:

 Your Spells              Type           Power      Damage    Failure   Level
a - Scorch                Fire           40%        2d7       2%          2

Your spell library contained the following spells:

 Spells                   Type           Power      Damage    Failure   Level
 Static Discharge         Conj/Air       3%         N/A       24%         2
 Sticky Flame             Conj/Fire      12%        2d4       47%         4
 Dispel Undead            Necr           3%         3d7       85%         4


Dungeon Overview and Level Annotations

Branches:
Dungeon (4/15)
 Temple: D:4-7

Altars:

Shops:
D:3 ?

Annotations:
D:4 Edmund


Innate Abilities, Weirdness & Mutations

You cannot be hasted, slowed, berserked, paralysed or teleported.
You can dig through walls and to a lower floor.
You have a pair of large antennae on your head. (SInv)
Your four strong arms can wield two-handed weapons with a shield.


Message History

You are lethally poisoned!
Casting: Scorch (safe; 2% risk of failure)
Confirm with . or Enter, or press ? or * to list all spells.
Flames lash the ball python.
You kill the ball python!
You feel extremely sick.
Edmund hits you with a +1 flail of venom!
* * * LOW HITPOINT WARNING * * *
It was a potion of curing.
You feel better.
Edmund hits you with a +1 flail of venom!
* * * LOW HITPOINT WARNING * * *
You are lethally poisoned!
Casting: Scorch (safe; 2% risk of failure)
Confirm with . or Enter, or press ? or * to list all spells.
Flames lash Edmund.
Edmund is almost dead.
* * * LOW HITPOINT WARNING * * *
You feel very sick. Edmund closely misses you.
You feel better. Edmund closely misses you.
A protective cloak of flame settles atop you.
Edmund hits you with a +1 flail of venom.
* * * LOW HITPOINT WARNING * * *
You are lethally poisoned!
Edmund is burned terribly!
Edmund is burned by your cloak of flames.
Edmund is almost dead.
You closely miss Edmund.
Edmund is almost dead.
* * * LOW HITPOINT WARNING * * *
You feel very sick.
Edmund says, "You wouldn't believe how much I paid for this flail."
Edmund misses you.
Unknown command.
You hit Edmund but do no damage.
Edmund is almost dead.
* * * LOW HITPOINT WARNING * * *
You feel sick.
Edmund hits you with a +1 flail of venom.
You die...

#.....#.# #.#..###.###......##
###.###.###.#......# ##...#.# #.#
#........##### ##.##.##
####.#######.#### #.##...
#........# #.# #.##### #......#.#
#.## ##+## #......#.# #..##
##...## #......#.# #...#
##.....## ##......### ###@#
#.......##
##.......#.....@.......#.....[..#
.........#.............#........'
##...#.###.......†.....#........#
##....###......≈......#.......##
#......#....≈§.≈≈....##.....###
#.######....§§..§....###...## #
#.# #...≈..≈|.≈...# ##'## # #.#
....≈.l #.# #


You could see Edmund (combustible).

Vanquished Creatures
  Sigmund (D:3)
  Blork the orc (D:4)
  An iguana (D:4)
  An orc wizard (D:4)
  8 gnolls
  3 adders
  An adder skeleton (D:4)
  A worm (D:3)
  4 dart slugs
  4 orcs (D:4)
  An endoplasm (D:3)
  5 giant cockroaches
  6 goblins
  3 hobgoblins
  2 jackals (D:4)
  2 quokkas
  8 ball pythons
  9 bats
  4 frilled lizards
  8 kobolds
  3 rats
76 creatures vanquished.

Notes
Turn   | Place    | Note
-------+----------+-------------------------------------------
     0 | D:1      | hikkokomori the Formicid Cinder Acolyte began the quest for
                  | the Orb.
     0 | D:1      | Reached XP level 1. HP: 18/18 MP: 2/2
   354 | D:1      | Reached XP level 2. HP: 24/24 MP: 4/4
   476 | D:1      | Learned a level 2 spell: Scorch
  1315 | D:2      | Reached XP level 3. HP: 29/29 MP: 1/6
  2028 | D:2      | Reached XP level 4. HP: 31/35 MP: 0/7
  2393 | D:3      | Found Vynolin's Magic Scroll Boutique.
  2428 | D:3      | Reached skill level 4 in Fire Magic
  3003 | D:3      | Reached XP level 5. HP: 41/41 MP: 9/9
  3003 | D:3      | Noticed Sigmund
  3010 | D:3      | Killed Sigmund
  3011 | D:3      | Reached XP level 6. HP: 48/48 MP: 1/11
  3317 | D:3      | Found a faded altar of an unknown god.
  3829 | D:4      | Reached skill level 5 in Fire Magic
  4201 | D:4      | Noticed Blork the orc
  4215 | D:4      | Killed Blork the orc
  4216 | D:4      | Reached XP level 7. HP: 48/55 MP: 13/13
  4934 | D:4      | Noticed Edmund
  4947 | D:4      | Slain by Edmund

Illustrated notes

Levels and vault maps discovered:
D:1:      minmay_arrival_arboretum_small, layout_basic
D:2:      layout_basic
D:3:      layout_loops_cross, serial_shops, nicolae_shop_hallway_stairs,
          ebering_ecumenical_altar_ruins, uniq_sigmund
D:4:      layout_loops_corners, kennysheep_generic_room_2, uniq_blork_the_orc,
          uniq_edmund, uniq_robin

Skill      XL: |  1  2  3  4  5  6 |
---------------+-------------------+-----
Spellcasting   | 2 3 4 |  4.4
Fire Magic     | 4 5 |  5.4
Fighting       | 4 |  4.8
Polearms       | |  3.0

Action                   |  1- 3 |  4- 6 |  7- 9 || total
-------------------------+-------+-------+-------++-------
Melee: Spear             |    56 |    93 |    32 ||   181
       Punch             |       |       |     3 ||     3
 Cast: Scorch            |    21 |    31 |    13 ||    65
Invok: Fiery Armour      |       |     1 |     1 ||     2
  Use: Potion            |     1 |       |     2 ||     3
Armor: Robe              |    11 |    18 |     4 ||    33
Dodge: Dodged            |    26 |    59 |    17 ||   102
